 Dungeon Crawl Stone Soup version 0.28-a0-863-g8cecda6153 (webtiles) character file.

Game seed: 11248271577990596272

118535 meatgazer the Corrupter of Planes (level 16, -22/136 HPs)
             Began as a Demonspawn Abyssal Knight on Nov 16, 2021.
             Was the Champion of Lugonu.
             Annihilated by Asterion (24 damage)
             ... on level 1 of the Spider Nest.
             The game lasted 00:52:28 (37099 turns).

meatgazer the Corrupter of Planes (DsAK)           Turns: 37099, Time: 00:52:28

Health: -22/136    AC: 19    Str: 21    XL:     16   Next: 25%
Magic:  34/38      EV: 11    Int: 14    God:    Lugonu [******]
Gold:   1269       SH:  5    Dex: 22    Spells: 23/26 levels left

rFire   . . .      SeeInvis .   k - +9 halberd (distort)
rCold   x . .      Faith    .   (shield currently unavailable)
rNeg    + . .      Spirit   .   z - +4 scale mail of the Lair of Beasts {Harm rC- Str+3 Slay+3}
rPois   +          Reflect  +   F - +2 hat
rElec   .          Harm     +   i - +2 ratskin cloak {*Rats rPois rN+ Str-1 Int-1 Dex+1}
rCorr   .          Rampage  .   (gloves unavailable)
Will    +....      Clarity  +   (boots unavailable)
Stlth   ..........              e - amulet of reflection
HPRegen 0.32/turn               K - +6 ring of dexterity
MPRegen 0.26/turn               w - ring of the Octopus King {MP+9 AC+1 EV+1 Str+1 Int+1 Dex+1}

@: lethally poisoned (-22 -> -34)
A: hooves 3, horns 1, foul stench 2, spiny 2, bedeviling, demonic touch 3,
clarity, evolution 1
a: Renounce Religion, Depart the Abyss, Bend Space, Banish, Corrupt, Enter the
Abyss


You were on level 1 of the Spider Nest.
You worshipped Lugonu.
Lugonu was exalted by your worship.
You visited 4 branches of the dungeon, and saw 24 of its levels.
You visited the Abyss 1 time.
You also visited: Sewer, Ossuary and Volcano.

You collected 2173 gold pieces.
You spent 904 gold pieces at shops.

Inventory:

Hand Weapons
 a - a +2 spear
 k - a +9 halberd of distortion (weapon)
Armour
 i - the +2 ratskin cloak (worn) {*Rats rPois rN+ Str-1 Int-1 Dex+1}
   (You found it on level 11 of the Dungeon)

   When the wearer is hurt, rats may emerge from it to assist them.
   Str:       It affects your strength (-1).
   Int:       It affects your intelligence (-1).
   Dex:       It affects your dexterity (+1).
   rPois:     It protects you from poison.
   rN:        It protects you from negative energy.
 z - the +4 scale mail of the Lair of Beasts (worn) {Harm rC- Str+3 Slay+3}
   (You found it on level 8 of the Dungeon)

   Str:       It affects your strength (+3).
   Slay:      It affects your accuracy & damage with ranged weapons and melee
   (+3).
   rC:        It makes you vulnerable to cold.
   Harm:      It increases damage dealt and taken.
 F - a +2 hat (worn)
Jewellery
 e - an amulet of reflection (around neck)
 g - a +4 ring of protection
 m - a ring of poison resistance
 n - the ring "Setos" {Fire Dex+4}
   (You found it on level 13 of the Dungeon)

   [ring of fire]

   It enhances your fire magic.
   Dex:       It affects your dexterity (+4).
   rF:        It protects you from fire.
   rC:        It makes you vulnerable to cold.
 w - a ring of the Octopus King (right hand) {MP+9 AC+1 EV+1 Str+1 Int+1 Dex+1}
   (You found it on level 2 of the Lair of Beasts)

   [ring of magical power]

   AC:        It affects your AC (+1).
   EV:        It affects your evasion (+1).
   Str:       It affects your strength (+1).
   Int:       It affects your intelligence (+1).
   Dex:       It affects your dexterity (+1).
   MP:        It affects your magic capacity (+9).
 K - a +6 ring of dexterity (left hand)
Wands
 b - a wand of acid (6)
 l - a wand of charming (20)
 q - a wand of flame (92)
 r - a wand of paralysis (26)
 t - a wand of digging (4)
 u - a wand of polymorph (8)
 C - a wand of iceblast (18)
Scrolls
 d - 8 scrolls of teleportation
 o - 2 scrolls of magic mapping
 s - 8 scrolls of amnesia
 v - 5 scrolls of fog
 y - a scroll of identify
 A - a scroll of enchant armour
 E - a scroll of silence
 H - a scroll of fear
 J - a scroll of holy word
Potions
 c - 6 potions of flight
 f - 4 potions of magic
 h - a potion of invisibility
 p - 4 potions of curing
 x - a potion of cancellation
 B - 5 potions of brilliance
 D - a potion of berserk rage
 G - 3 potions of haste
 I - 4 potions of heal wounds
 M - a potion of mutation
Miscellaneous
 j - a box of beasts (inert)
 L - a condenser vane


   Skills:
 * Level 15.1 Fighting
 * Level 13.9 Polearms
 * Level 10.9 Armour
 - Level 0.8 Dodging
 - Level 5.7 Spellcasting
 - Level 6.3 Hexes
 * Level 19.2 Invocations
 + Level 4.7 Evocations


You had 23 spell levels left.
You knew the following spells:

 Your Spells              Type           Power      Damage    Failure   Level
a - Tukima's Dance        Hex            32%        N/A       9%          3

Your spell library contained the following spells:

 Spells                   Type           Power      Damage    Failure   Level
 Ensorcelled Hibernation  Hex/Ice        38%        N/A       16%         2
 Inner Flame              Hex/Fire       19%        N/A       30%         3
 Foxfire                  Conj/Fire      12%        2x1d4     34%         1
 Freeze                   Ice            12%        1d4       34%         1
 Magic Dart               Conj           12%        1d3       34%         1
 Sting                    Tmut/Pois      12%        1d3       34%         1
 Blink                    Tloc           6%         N/A       47%         2
 Call Imp                 Summ           3%         N/A       47%         2
 Poisonous Vapours        Pois/Air       6%         N/A       47%         2
 Conjure Flame            Conj/Fire      3%         6-21      71%         3
 Frozen Ramparts          Ice            6%         1d2       71%         3
 Gell's Gravitas          Tloc           3%         N/A       71%         3
 Ignite Poison            Fire/Tmut/Pois 3%         N/A       71%         3
 Lesser Beckoning         Tloc           3%         N/A       71%         3
 Mephitic Cloud           Conj/Pois/Air  3%         N/A       71%         3
 Teleport Other           Tloc           3%         N/A       71%         3
 Airstrike                Air            1%         N/A       98%         4
 Animate Dead             Necr           1%         N/A       98%         4
 Flame Wave               Conj/Fire      3%         3d3       98%         4
 Hailstorm                Conj/Ice       3%         3d3       98%         4
 Ice Form                 Ice/Tmut       3%         N/A       98%         4
 Olgreb's Toxic Radiance  Pois           3%         N/A       98%         4
 Summon Ice Beast         Ice/Summ       3%         N/A       98%         4
 Summon Lightning Spire   Summ/Air       3%         N/A       98%         4
 Blade Hands              Tmut           1%         N/A       100%        5
 Borgnjor's Vile Clutch   Necr/Erth      1%         N/A       100%        5
 Freezing Cloud           Conj/Ice/Air   1%         6-21      100%        5
 Irradiate                Conj/Tmut      1%         3d13      100%        5
 Lightning Bolt           Conj/Air       1%         1d12      100%        5
 Manifold Assault         Tloc           3%         N/A       100%        5
 Death Channel            Necr           1%         N/A       100%        6
 Dispersal                Tloc           1%         N/A       100%        6
 Simulacrum               Ice/Necr       1%         N/A       100%        6
 Dragon Form              Tmut           1%         N/A       100%        7


Dungeon Overview and Level Annotations

Branches:
Dungeon (15/15)            Temple (0/1) D:6            Lair (6/6) D:9
 Shoals (0/4) Lair:2       Spider (1/4) Lair:3        Slime (0/5) Lair:6
    Orc (2/2) D:11            Elf (0/3) Orc:2        Vaults (0/5) D:13
 Depths (0/4) D:15          Sewer (visited)         Ossuary (visited)
Volcano (visited)

Altars:
Uskayaw
Wu Jian
Xom
Zin
The Shining One
Jiyva
Lugonu

Shops:
Orc:1 (   Orc:2 [!*!

Portals:
Abyss: Lair:6

Annotations:
D:5 1 runed translucent door, Blacky's ghost, novice OgFi
Lair:3 3 runed translucent doors, Xohucet's ghost, journeyman MfGl
Lair:6 1 runed translucent door, exclusion: oklob plant
Spider:1 Asterion
Abyss:1 Harold


Innate Abilities, Weirdness & Mutations

You have hooves in place of feet.
You have a pair of small horns on your head.
You sometimes emit foul miasma when damaged in melee.
You are mostly covered in sharp spines.
Your hexes are more powerful.
Your touch may irresistibly damage your foes and sap their willpower.
You possess an exceptional clarity of mind.
You have hidden genetic potential.


Message History

Press: ? - help, Dir - move target, f/p - Asterion
Aim: Asterion, wielding a +1 demon trident of pain, wearing a +0 scale mail and wearing a +0 kite shield (lightly wounded, fast, ally target, about 7% to evade your +9 halberd of distortion)
Okay, then.
You open the lid... ...and a juvenile oxshock beast leaps out!
The box is emptied!
You feel very sick. Asterion hits you but does no damage.
You writhe in agony.
Asterion hits you but does no damage.
You writhe in agony.
You feel much better.
You feel very sick.
Asterion hits you from afar with a +1 demon trident of pain.
The green death gestures at you. The poison arrow hits you!
You are more poisoned.
You partially resist.
Your river rat bites the green death but does no damage.
You feel much better.
You feel very sick.
Asterion hits you from afar with a +1 demon trident of pain!!
* * * LOW HITPOINT WARNING * * *
A river rat scurries out from under your cloak.
You writhe in agony.
* * * LOW HITPOINT WARNING * * *
The green death is struck by your spines.
The green death hits you!
* * * LOW HITPOINT WARNING * * *
Asterion hits you from afar with a +1 demon trident of pain!
* * * LOW HITPOINT WARNING * * *
You writhe in agony.
* * * LOW HITPOINT WARNING * * *
Your river rat bites the green death but does no damage.
Your juvenile oxshock beast barely misses the green death. x2
Press: ? - help, Shift-Dir - straight line, f/p - Asterion
Aim: Asterion, wielding a +1 demon trident of pain, wearing a +0 scale mail and wearing a +0 kite shield (lightly wounded, fast, ally target, chance to affect: 31%)
The green death resists with almost no effort.
* * * LOW HITPOINT WARNING * * *
You feel very sick.
Asterion hits you from afar with a +1 demon trident of pain!!
You die...

.....#..######.#..
##.....^...#......
...#...†.##..#...
#.#..#†.....^...
#..#.#..........
##..###...#########
##.(.^#^...†........
###.>...##....rH.....#
##.#...#.#.^#..@2r##...
#........#..#.#.#H.#
###...##.^#..#####..#
#......#..#.. ...
......#####. ..##
..<#......# ..
...#.#....## #..
...###.†...#
#...#......#


You could see Asterion (fast, ally target), a green death (summoned, ally
target), a friendly juvenile oxshock beast (summoned) and 2 friendly river rats.

Vanquished Creatures
  Gastronok (Lair:3)
  A stone giant (Orc:2)
  A great orb of eyes (D:15)
  A fire dragon (D:15)
  5 boulder beetles
  12 hydras
  8 vault guards (D:13)
  5 centaur warriors
  A rakshasa (D:15)
  12 two-headed ogres
  2 ogre magi (Orc:2)
  3 catoblepae
  Erica (D:8)
  4 death yaks (Lair:2)
  A hell hog (Volcano)
  Urug (Lair:1)
  3 thrashing horrors (Lair:6)
  An iron troll (Orc:2)
  A fire crab (Volcano)
  6 skeletal warriors (D:13)
  A deep troll (Orc:2)
  An orange crystal statue (D:8)
  2 phantasmal warriors (D:13)
  2 orb spiders
  2 deep elf pyromancers (D:15)
  A wolf spider (shapeshifter) (D:15)
  8 cyclopes
  6 wolf spiders (Spider:1)
  An orb spider (shapeshifter) (D:13)
  7 ugly things
  A manticore (D:11)
  7 elephants
  7 black mambas
  An ice statue (D:8)
  A torpor snail (Lair:3)
  3 gargoyles
  Joseph (D:8)
  A molten gargoyle (Volcano)
  12 cane toads
  3 smoke demons (Lair:6)
  13 komodo dragons
  3 kobold demonologists
  7 rime drakes
  A demonic crawler (Spider:1)
  2 tengu conjurers (D:15)
  An ancient zyme (Lair:6)
  16 trolls
  3 slime creatures (D:15)
  4 jumping spiders (Spider:1)
  A wind drake (shapeshifter) (Lair:6)
  24 blink frogs
  A hornet (Spider:1)
  6 dream sheep
  2 shadows
  6 redbacks (Spider:1)
  2 vampires
  A snapping turtle (Lair:2)
  A spriggan (Lair:6)
  A spriggan (shapeshifter) (Lair:6)
  10 small abominations (Lair:6)
  A tarantella (Spider:1)
  4 wyverns
  Sigmund (D:5)
  3 wraiths
  A ynoxinul (Lair:6)
  40 yaks
  12 basilisks
  13 fire bats (Volcano)
  4 steam dragons
  22 vampire mosquitoes
  3 large abominations (Lair:6)
  A warg (Orc:2)
  An acid dragon (D:12)
  16 water moccasins
  An ice beast (D:6)
  2 black bears
  14 orc warriors
  22 ogres
  12 wolves
  10 centaurs
  A phantom (D:4)
  11 bullfrogs
  7 kobold brigands
  A gnoll sergeant (D:7)
  3 scorpions
  28 killer bees
  4 howler monkeys
  10 wights
  3 hounds
  5 lava snakes (Volcano)
  A centaur zombie (Ossuary)
  10 orc priests
  3 centaur skeletons
  Crazy Yiuf (D:5)
  2 gnoll shamans
  A human zombie (Ossuary)
  2 jellies (D:5)
  Ijyb (D:5)
  Natasha (twice) (D:4)
  5 iguanas
  12 orc wizards
  3 killer bee zombies
  A hound zombie (D:5)
  3 mummies
  10 gnolls
  13 adders
  2 river rats (Sewer)
  A white imp (D:7)
  5 adder zombies
  An adder skeleton (D:4)
  5 worms
  A dart slug (D:1)
  54 orcs
  3 bats
  11 endoplasms
  8 giant cockroaches
  4 goblins
  6 hobgoblins
  5 jackals
  6 quokkas
  7 ball pythons
  4 frilled lizards
  3 goblin zombies
  10 hobgoblin zombies (Ossuary)
  2 jackal zombies (Ossuary)
  22 kobolds
  10 kobold zombies
  8 orc zombies (Ossuary)
  13 rats
760 creatures vanquished.

Vanquished Creatures (collateral kills)
  A troll (D:12)
  A vampire mosquito (D:12)
  An ogre (Orc:2)
3 creatures vanquished.

Vanquished Creatures (others)
  A dancing weapon (Orc:2)
  30 fungi
  28 plants
59 creatures vanquished.

Grand Total: 822 creatures vanquished

Notes
Turn   | Place    | Note
-------+----------+-------------------------------------------
     0 | Abyss:1  | meatgazer the Demonspawn Abyssal Knight began the quest for
                  | the Orb.
     0 | Abyss:1  | Reached XP level 1. HP: 18/18 MP: 2/2
    59 | Abyss:2  | Found a corrupted altar of Lugonu.
    68 | Abyss:3  | Found a corrupted altar of Lugonu.
    76 | Abyss:3  | Noticed a raiju
    77 | Abyss:3  | Gained mutation: You are agile. (Dex +2) [potion of
                  | mutation]
    77 | Abyss:3  | Gained mutation: You are partially covered in iridescent
                  | scales. (AC +2) [potion of mutation]
    77 | Abyss:3  | Gained mutation: Your flesh is cold resistant. (rC+)
                  | [potion of mutation]
    77 | Abyss:3  | Gained mutation: You are robust. (+10% HP) [potion of
                  | mutation]
    77 | Abyss:3  | Noticed a raiju
    78 | D:1      | Escaped the Abyss
   497 | D:1      | Reached * piety under Lugonu
   632 | D:1      | Gained mutation: You are partially covered in sharp spines.
                  | [demonic ancestry]
   632 | D:1      | Reached XP level 2. HP: 24/26 MP: 4/4
   739 | D:1      | Reached skill level 3 in Invocations
   779 | D:1      | Learned a level 1 spell: Freeze
  1304 | D:2      | Discovered your monstrous ancestry.
  1304 | D:2      | Gained mutation: Your touch may inflict minor irresistible
                  | damage on your foes. [demonic ancestry]
  1304 | D:2      | Reached XP level 3. HP: 24/31 MP: 5/5
  1821 | D:2      | Reached ** piety under Lugonu
  1897 | D:2      | Found a faded altar of an unknown god.
  2202 | D:3      | Gained mutation: You have a pair of small horns on your
                  | head. [demonic ancestry]
  2202 | D:3      | Reached XP level 4. HP: 40/40 MP: 6/6
  2709 | D:4      | Noticed Natasha
  2715 | D:4      | Killed Natasha
  2716 | D:4      | Reached skill level 4 in Invocations
  2822 | D:4      | Gained mutation: You have large cloven feet. [demonic
                  | ancestry]
  2822 | D:4      | Reached XP level 5. HP: 42/46 MP: 8/8
  3246 | D:4      | Noticed a phantom
  3258 | D:4      | Reached skill level 5 in Invocations
  3265 | D:4      | Killed a phantom
  3266 | D:4      | Gained mutation: You have hoof-like feet. [demonic
                  | ancestry]
  3266 | D:4      | Reached XP level 6. HP: 34/53 MP: 8/10
  3268 | D:4      | Noticed Natasha
  3278 | D:4      | Killed Natasha
  4028 | D:4      | Reached skill level 5 in Fighting
  4416 | D:5      | Entered Level 5 of the Dungeon
  4416 | D:5      | Noticed Ijyb
  4421 | D:5      | Killed Ijyb
  4441 | D:5      | Found a glowing drain.
  4447 | D:5      | Reached *** piety under Lugonu
  4457 | Sewer    | Entered a sewer
  4498 | Sewer    | Reached skill level 6 in Invocations
  4539 | Sewer    | Gained mutation: You are mostly covered in sharp spines.
                  | [demonic ancestry]
  4539 | Sewer    | Reached XP level 7. HP: 61/61 MP: 11/11
  5958 | D:5      | Reached skill level 7 in Invocations
  5961 | D:5      | Reached skill level 5 in Polearms
  6102 | D:5      | Reached XP level 8. HP: 48/70 MP: 13/13
  6228 | D:5      | Found a runed translucent door.
  6231 | D:5      | Noticed Blacky's ghost (novice OgFi)
  6298 | D:5      | Noticed Sigmund
  6616 | D:5      | Reached skill level 8 in Invocations
  6624 | D:5      | Reached **** piety under Lugonu
  7092 | D:5      | Found a runed translucent door.
  7093 | D:5      | Noticed Crazy Yiuf
  7099 | D:5      | Killed Crazy Yiuf
  7343 | D:5      | Killed Sigmund
  7463 | D:6      | Found a sand-covered staircase.
  7468 | Ossuary  | Entered an ossuary
  7578 | Ossuary  | Reached skill level 9 in Invocations
  7853 | D:6      | Gained mutation: You may rarely emit foul miasma when
                  | damaged in melee. [demonic ancestry]
  7853 | D:6      | Reached XP level 9. HP: 72/79 MP: 15/15
  7983 | D:6      | Reached ***** piety under Lugonu
  8247 | D:6      | Found a staircase to the Ecumenical Temple.
  8519 | D:7      | Reached skill level 10 in Invocations
  9245 | D:8      | Noticed Joseph
  9257 | D:8      | Killed Joseph
  9861 | D:8      | Noticed Erica
  9872 | D:8      | Killed Erica
  9873 | D:8      | Reached skill level 11 in Invocations
  9873 | D:8      | Gained mutation: You have hooves in place of feet. [demonic
                  | ancestry]
  9873 | D:8      | Reached XP level 10. HP: 53/91 MP: 18/18
 10053 | D:8      | Found a shimmering altar of Xom.
 10163 | D:8      | Noticed Harold
 10164 | D:8      | Banished Harold
 10455 | D:8      | Identified the +4 scale mail of the Lair of Beasts {Harm
                  | rC- Str+3 Slay+3}
 10488 | D:8      | Noticed an orange crystal statue
 10499 | D:8      | Killed an orange crystal statue
 10500 | D:8      | Reached skill level 12 in Invocations
 10665 | D:8      | Noticed an ice statue
 10677 | D:8      | Killed an ice statue
 10848 | D:8      | Identified the +1 leather armour of Zuklom {Rampage *Slow
                  | Fly rN+}
 11445 | D:9      | Reached skill level 10 in Fighting
 11500 | D:9      | Noticed a six-headed hydra
 11505 | D:9      | Killed a nine-headed hydra
 11919 | D:9      | Gained mutation: Your touch may inflict irresistible damage
                  | on your foes. [demonic ancestry]
 11919 | D:9      | Reached XP level 11. HP: 98/101 MP: 20/20
 11943 | D:9      | Found a staircase to the Lair.
 11949 | D:9      | Reached skill level 13 in Invocations
 13250 | Lair:1   | Entered Level 1 of the Lair of Beasts
 13365 | Lair:1   | Noticed a lindwurm
 13370 | Lair:1   | Found a dark tunnel.
 13375 | Lair:1   | Banished a lindwurm
 13607 | Volcano  | Entered a volcano
 13903 | Volcano  | Noticed a fire crab
 13957 | Volcano  | Found a bloodstained altar of Trog.
 13957 | Volcano  | Noticed a hell hog
 13965 | Volcano  | Killed a hell hog
 13966 | Volcano  | Reached skill level 10 in Polearms
 13979 | Volcano  | Reached skill level 14 in Invocations
 14252 | Volcano  | Killed a fire crab
 14696 | Lair:1   | You fall into a shaft and drop 1 floor!
 14750 | Lair:2   | Gained mutation: Your hexes are more powerful. [demonic
                  | ancestry]
 14750 | Lair:2   | Reached XP level 12. HP: 69/110 MP: 22/22
 14752 | Lair:2   | Reached skill level 5 in Armour
 15466 | Lair:2   | Noticed a death yak
 15466 | Lair:2   | Noticed a death yak
 15466 | Lair:2   | Noticed a death yak
 15466 | Lair:2   | Noticed a death yak
 15468 | Lair:2   | Noticed a five-headed hydra
 15469 | Lair:2   | Killed a death yak
 15477 | Lair:2   | Killed a death yak
 15483 | Lair:2   | Killed a 13-headed hydra
 15489 | Lair:2   | Killed a death yak
 15492 | Lair:2   | Killed a death yak
 15838 | Lair:2   | Noticed a five-headed hydra
 15846 | Lair:2   | Killed a nine-headed hydra
 15847 | Lair:2   | Reached skill level 15 in Invocations
 16242 | Lair:2   | Found the ring of the Octopus King
 16258 | Lair:2   | Identified a ring of the Octopus King {MP+9 AC+1 EV+1 Str+1
                  | Int+1 Dex+1}
 16404 | Lair:2   | Learned a level 3 spell: Tukima's Dance
 16485 | Lair:1   | Noticed Urug
 16521 | Lair:1   | Killed Urug
 16522 | Lair:1   | Reached skill level 1 in Hexes
 16696 | Lair:1   | Noticed an eight-headed hydra
 16702 | Lair:1   | Killed a ten-headed hydra
 16703 | Lair:1   | Reached skill level 1 in Spellcasting
 17442 | Lair:2   | Found a staircase to the Shoals.
 18148 | Lair:3   | Found an ornate altar of the Wu Jian Council.
 18148 | Lair:3   | Noticed a boulder beetle
 18149 | Lair:3   | Found a hide-covered altar of Uskayaw.
 18166 | Lair:3   | Killed a boulder beetle
 18463 | Lair:3   | Found a hole to the Spider Nest.
 18481 | Lair:3   | Reached XP level 13. HP: 80/119 MP: 24/24
 18741 | Lair:3   | Noticed Gastronok
 18754 | Lair:3   | Killed Gastronok
 19353 | Lair:3   | Found a runed translucent gate.
 19353 | Lair:3   | Found a runed translucent gate.
 19353 | Lair:3   | Found a runed translucent gate.
 19480 | Lair:3   | Noticed Xohucet's ghost (journeyman MfGl)
 20035 | Lair:3   | Reached skill level 16 in Invocations
 22150 | Lair:5   | You fall into a shaft and drop 1 floor!
 22150 | Lair:6   | Entered Level 6 of the Lair of Beasts
 22849 | Lair:5   | Reached ****** piety under Lugonu
 23243 | Lair:6   | Reached XP level 14. HP: 115/129 MP: 26/26
 23461 | Lair:6   | Found a runed translucent door.
 23461 | Lair:6   | Found a viscous altar of Jiyva.
 23463 | Lair:6   | Found a staircase to the Slime Pits.
 23463 | Lair:6   | Noticed an acid blob
 23898 | Lair:6   | Reached skill level 17 in Invocations
 24630 | Lair:6   | Found a corrupted altar of Lugonu.
 24630 | Lair:6   | Found a one-way gate to the infinite horrors of the Abyss.
 24636 | Lair:6   | Reached skill level 1 in Evocations
 25838 | D:10     | Entered Level 10 of the Dungeon
 26495 | D:10     | Identified the +4 robe "Bienixt" {Will- rCorr MP-9 Dex+8}
 26924 | D:11     | Found a staircase to the Orcish Mines.
 26931 | D:11     | Reached skill level 5 in Hexes
 26963 | Orc:1    | Entered Level 1 of the Orcish Mines
 26963 | Orc:1    | Found Poitsam's Firing Range.
 27187 | Orc:2    | Entered Level 2 of the Orcish Mines
 27217 | Orc:2    | Found a staircase to the Elven Halls.
 27921 | Orc:2    | Found Sosm's Distillery.
 27951 | Orc:2    | Paralysed by something for 2 turns
 27977 | Orc:2    | Gained mutation: You sometimes emit foul miasma when
                  | damaged in melee. [demonic ancestry]
 27977 | Orc:2    | Reached XP level 15. HP: 59/138 MP: 27/27
 28005 | Orc:2    | HP: 6/138 [stone giant/large rock (32)]
 28593 | Orc:2    | Found Usiud's Distillery.
 28595 | Orc:2    | Found Umibbox's Armour Boutique.
 28601 | Orc:2    | Found Adan's General Store.
 28610 | Orc:2    | Reached skill level 5 in Spellcasting
 28610 | Orc:2    | Reached skill level 18 in Invocations
 28622 | Orc:2    | Bought a potion of heal wounds for 60 gold pieces
 28622 | Orc:2    | Bought a box of beasts for 480 gold pieces
 28633 | Orc:2    | Bought a potion of mutation for 104 gold pieces
 28633 | Orc:2    | Bought a potion of heal wounds for 65 gold pieces
 28638 | Orc:2    | Bought a potion of heal wounds for 75 gold pieces
 28638 | Orc:2    | Bought a potion of mutation for 120 gold pieces
 28638 | Orc:2    | Lost mutation: Your flesh is cold resistant. (rC+) [potion
                  | of mutation]
 28638 | Orc:2    | Lost mutation: You are agile. (Dex +2) [potion of mutation]
 28638 | Orc:2    | Gained mutation: You are resistant to electric shocks.
                  | (rElec) [potion of mutation]
 28638 | Orc:2    | Lost mutation: You are partially covered in iridescent
                  | scales. (AC +2) [potion of mutation]
 28638 | Orc:2    | Gained mutation: You are occasionally teleported next to
                  | monsters. [potion of mutation]
 28639 | Orc:2    | Lost mutation: You are robust. (+10% HP) [potion of
                  | mutation]
 28639 | Orc:2    | Gained mutation: You have an increased reservoir of magic.
                  | (+10% MP) [potion of mutation]
 28641 | Orc:2    | Lost mutation: You are occasionally teleported next to
                  | monsters. [potion of mutation]
 28641 | Orc:2    | Lost mutation: You have an increased reservoir of magic.
                  | (+10% MP) [potion of mutation]
 28641 | Orc:2    | Gained mutation: Your muscles are strong. (Str +2) [potion
                  | of mutation]
 28642 | Orc:2    | Lost mutation: You are resistant to electric shocks.
                  | (rElec) [potion of mutation]
 28642 | Orc:2    | Lost mutation: Your muscles are strong. (Str +2) [potion of
                  | mutation]
 28642 | Orc:2    | Gained mutation: You are partially covered in iridescent
                  | scales. (AC +2) [potion of mutation]
 28642 | Orc:2    | Gained mutation: You have hidden genetic potential. [potion
                  | of mutation]
 28644 | Orc:2    | Lost mutation: You have hidden genetic potential. [potion
                  | of mutation]
 28644 | Orc:2    | Lost mutation: You are partially covered in iridescent
                  | scales. (AC +2) [potion of mutation]
 28644 | Orc:2    | Gained mutation: Your body sometimes deteriorates upon
                  | taking damage. [potion of mutation]
 29414 | D:11     | Found the +2 ratskin cloak {*Rats rPois rN+ Str-1 Int-1
                  | Dex+1}
 30563 | D:12     | Found an ornate altar of the Wu Jian Council.
 30605 | D:12     | Reached skill level 10 in Armour
 31317 | D:13     | Lost mutation: Your body sometimes deteriorates upon taking
                  | damage. [potion of mutation]
 31317 | D:13     | Gained mutation: You possess an exceptional clarity of
                  | mind. [potion of mutation]
 31317 | D:13     | Gained mutation: You have hidden genetic potential. [potion
                  | of mutation]
 31330 | D:13     | Found a gate to the Vaults.
 31440 | D:13     | Identified the ring "Setos" {Fire Dex+4}
 32770 | D:13     | Identified a +9 halberd of distortion (a +8 halberd of
                  | protection corrupted by Lugonu)
 32770 | D:13     | Received a gift from Lugonu
 34256 | D:14     | You fall into a shaft and drop 1 floor!
 34256 | D:15     | Entered Level 15 of the Dungeon
 35024 | D:15     | Gained mutation: Your touch may irresistibly damage your
                  | foes and sap their willpower. [demonic ancestry]
 35024 | D:15     | Reached XP level 16. HP: 88/134 MP: 29/29
 35289 | D:15     | Reached skill level 15 in Fighting
 35294 | D:15     | Reached skill level 19 in Invocations
 35378 | D:15     | Found a staircase to the Depths.
 36368 | Spider:1 | Entered Level 1 of the Spider Nest
 37088 | Spider:1 | Noticed Asterion
 37098 | Spider:1 | HP: 6/136 [Asterion (1)]
 37099 | Spider:1 | HP: 2/136 [poisoned by a green death (poison arrow)]
 37099 | Spider:1 | Annihilated by Asterion

Illustrated notes

Levels and vault maps discovered:
D:1:      dpeg_arrival_long_road, layout_loops_cross
D:2:      layout_rooms, hellmonk_ecumenical_altar_slurped_away
D:3:      layout_basic
D:4:      layout_loops_corners, uniq_natasha
D:5:      minmay_angry_zag, layout_rooms, ebering_ghost_reflecting_pool,
          gup_sewer_entry_pipe, minmay_misc_feat_enclosed,
          guppyfry_early_orc_mine, uniq_ijyb, uniq_sigmund,
          uniq_crazy_yiuf_cottage
D:6:      layout_basic, minmay_temple_entry_grid, nicolae_ossuary_entry_giza
D:7:      layout_basic, minmay_microvault
D:8:      minmay_separated_statues, layout_basic, xom_butterflies, uniq_harold,
          uniq_erica, uniq_joseph
D:9:      layout_loops_ring, erik_lair_dragon
D:10:     layout_gridville, grunt_ministairs_13, amcnicky_mini_pool_small
D:11:     layout_roguey, orc_0_dummy, nicolae_wwwww
D:12:     layout_big_octagon, serial_park, serial_park_paths
          [serial_park_minivault_5x5_8], serial_park_square3
          [serial_park_minivault_5x5_5], serial_park_avenue1,
          nicolae_wu_jian_immortal_techniques
D:13:     layout_loops_ring, erik_vaults_2
D:14:     layout_layer_cave, minmay_holes, serial_rivers,
          chequers_serial_rivers_large_a, chequers_serial_rivers_micro_c,
          chequers_serial_rivers_micro_e, chequers_serial_rivers_micro_a,
          chequers_serial_rivers_micro_b, chequers_serial_rivers_micro_a
D:15:     gammafunk_enter_depths_forms, layout_loops_ring,
          nicolae_tso_carved_into_rock
Lair:1:   layout_loops_ring, nicolae_volcano_entry_vermiform,
          grunt_megastairs_2, serial_bayou_shore_b, serial_bayou_shore_b,
          uniq_urug
Lair:2:   layout_roguey, minmay_shoals_entry_hut,
          chequers_serial_rivers_micro_a, lemuel_fruit_tree
Lair:3:   nzn_winding_woodlands_stair_trap [nzn_winding_woodlands_5x15_pockets,
          nzn_winding_woodlands_5x15_longhouse,
          nzn_winding_woodlands_5x15_sawtooth,
          nzn_winding_woodlands_15x15_killbox,
          nzn_winding_woodlands_5x15_parted,
          nzn_winding_woodlands_5x15_lazy_stream,
          nzn_winding_woodlands_5x15_cabin], layout_cave_shapes,
          nicolae_spider_entry_orb_guardian, ebering_ghost_rock_garden,
          nzn_masters_of_martial_movement, uniq_gastronok
Lair:4:   layout_misc_corridors, lemuel_fruit_fields
Lair:5:   layout_roguey, lemuel_fruit_fields
Lair:6:   hellmonk_lair_end_abyssal_woods, layout_regular_city, slime_altar_2,
          lemuel_oklob_altar, lemuel_fruit_fields
Spider:1: layout_spider_delve, nicolae_spider_scorpion_nest, uniq_asterion
Orc:1:    layout_caves, nicolae_shop_firing_range
Orc:2:    st_orc_open, layout_diamond_mine

Skill      XL: |  1  2  3  4  5  6  7  8  9 10 11 12 13 14 15 16 |
---------------+-------------------------------------------------+-----
Polearms       | 2 3 4 5 6 7 9 10 11 12 13 | 13.9
Invocations    | 3 4 5 6 7 9 11 12 14 15 16 17 18 19 | 19.2
Fighting       | 4 5 6 7 9 10 11 12 13 14 15 | 15.1
Armour         | 2 4 6 8 9 10 | 10.9
Hexes          | 2 4 5 6 |  6.3
Spellcasting   | 2 3 4 5 |  5.7
Evocations     | 2 4 |  4.7
Dodging        | |  0.8

Action                   |  1- 3 |  4- 6 |  7- 9 | 10-12 | 13-15 | 16-18 || total
-------------------------+-------+-------+-------+-------+-------+-------++-------
Melee: Spear             |   112 |   103 |       |       |       |       ||   215
       Touch             |     5 |    13 |       |       |       |       ||    18
       Headbutt          |       |    17 |    30 |    58 |   144 |    16 ||   265
       Kick              |       |    15 |    47 |    93 |   270 |    24 ||   449
       Halberd           |       |    32 |   294 |   346 |   779 |    90 ||  1541
 Cast: Tukima's Dance    |       |       |       |       |     8 |       ||     8
Invok: Depart the Abyss  |     1 |       |       |       |       |       ||     1
       Banish            |       |       |       |     3 |     4 |     3 ||    10
       Brand Weapon With |       |       |       |       |     1 |       ||     1
Evoke: Wand              |       |       |       |       |     7 |       ||     7
       Condenser vane    |       |       |       |       |     2 |       ||     2
       Box of beasts     |       |       |       |       |     1 |     1 ||     2
  Use: Potion            |     2 |       |     7 |     3 |     7 |     4 ||    23
       Scroll            |     6 |     1 |     8 |     7 |    14 |       ||    36
 Stab: Sleeping          |     3 |     3 |     3 |       |       |       ||     9
       Petrified         |       |       |       |       |     5 |       ||     5
       Distracted        |       |       |       |       |     1 |       ||     1
       Confused          |       |       |       |       |     3 |       ||     3
Armor: Leather armour    |    28 |    24 |    50 |     3 |       |       ||   105
       Scale mail        |       |       |       |   130 |   334 |    25 ||   489
Dodge: Dodged            |    49 |    41 |    70 |    99 |   226 |    22 ||   507
Block: Other             |       |    27 |    53 |    53 |   131 |    12 ||   276
       Reflection        |       |     4 |     3 |     1 |    10 |     1 ||    19

Table legend: (Time is in decaauts)
 A = Elapsed time spent in this place.
 B = Non-inter-level travel time spent in this place.
 C = Inter-level travel time spent in this place.
 D = Time resting spent in this place.
 E = Time spent auto-exploring this place.
 F = Levels seen in this place.
 G = Mean time per level.
                   A        B        C        D        E       F      G
               +--------+--------+--------+--------+--------+-----+--------+
         Total |  37322 |  35770 |   1552 |  14172 |  17159 |  30 | 1244.1 |
       Dungeon |  19642 |  18803 |    839 |   6519 |  10168 |  15 | 1309.5 |
          Lair |  12197 |  11653 |    544 |   5059 |   5363 |   6 | 2032.8 |
   Spider Nest |    340 |    340 |      0 |     97 |    148 |   1 |  340.0 |
  Orcish Mines |   2336 |   2169 |    167 |   1053 |    716 |   2 | 1168.0 |
         Abyss |     77 |     77 |      0 |      0 |     51 |   3 |   25.7 |
         Sewer |   1586 |   1586 |      0 |    837 |    515 |   1 | 1586.0 |
       Ossuary |    341 |    341 |      0 |    135 |     81 |   1 |  341.0 |
       Volcano |    801 |    801 |      0 |    472 |    116 |   1 |  801.0 |
               +--------+--------+--------+--------+--------+-----+--------+

Top non-repeatable levels by time:
  Lair:3: 3653 daAuts
  Lair:6: 2664 daAuts
  Lair:2: 2537 daAuts
     D:9: 2453 daAuts
     D:8: 1847 daAuts
    D:13: 1628 daAuts
   Sewer: 1586 daAuts
    D:15: 1449 daAuts
    D:14: 1442 daAuts
    D:12: 1413 daAuts
  Lair:1: 1384 daAuts
     D:5: 1377 daAuts
     D:3: 1375 daAuts
     D:4: 1322 daAuts
   Orc:2: 1257 daAuts
